AoeStats
← AiM | Facu1414

Arena

505166365Analyzed
4v4 RM · 24d ago on Sep 8, 2026· 46m 1s· 8 players
Game mode
Random Map
Map size
Large (8 player)
Population
200
Speed
Normal
Resources
Standard
Victory
Conquest
Starting age
Dark Age
Ending age
Imperial Age
RankedLock teamsTeams togetherTeam positionsShared explorationLock speedFull tech treeHidden civsTurbo modeCheats
Victory
Defeat
🇨🇳 Vietnamese · China
1556
+15
🇲🇽 Hindustanis · Mexico
1530
+16
🇦🇷 Poles · Argentina
1518
+17
🇦🇷 Gurjaras · Argentina
1499
+17
🇸🇬 Georgians · Singapore
1633
-20
🇨🇳 Khmer · China
1605
-19
🇨🇳 Slavs · China
1535
-16
1365
-10
AiM | Fubuki Sinri
10:03 Feudal Age
14:03 Castle Age
12:30 Double-Bit Axe
15:09 Horse Collar
20:08 Wheelbarrow
23:04 Bow Saw
22:54 Heavy Plow
22:47 Gold Mining
25:44 Gold Shaft Mining
24:59 Stone Mining
25:38 Hand Cart
25:08 Town Watch
25:23 Loom
28:59 Imperial Age
29:12 Scale Barding Armor
29:55 Forging
29:50 Grand Trunk Road
30:13 Conscription
29:55 Shatagni
29:58 Grand Trunk Road
31:01 Chemistry
30:18 Bloodlines
30:10 Husbandry
29:45 Heavy Camel Rider
30:52 Shatagni
31:30 Chain Barding Armor
31:46 Iron Casting
31:37 Town Patrol
31:46 Grand Trunk Road
32:30 Padded Archer Armor
33:06 Plate Barding Armor
33:32 Blast Furnace
33:30 Stone Shaft Mining
33:31 Leather Archer Armor
32:42 Light Cavalry
34:48 Imperial Camel Rider
37:20 Ring Archer Armor
39:09 Coinage
42:20 Two-Man Saw
41:17 Elite Ghulam
42:37 Fletching
45:45 Scale Mail Armor
45:47 Squires
45:33 Arson
Marlin
10:37 Feudal Age
14:40 Castle Age
13:15 Double-Bit Axe
13:35 Horse Collar
15:42 Bow Saw
15:39 Heavy Plow
19:40 Loom
21:57 Wheelbarrow
21:39 Stone Mining
23:00 Hand Cart
23:22 Gold Mining
28:07 Imperial Age
25:32 Fletching
26:09 Padded Archer Armor
26:50 Ballistics
26:15 Treadmill Crane
26:34 Bodkin Arrow
27:50 Stone Shaft Mining
27:07 Town Watch
28:23 Leather Archer Armor
28:02 Heated Shot
28:23 Thumb Ring
27:43 Elite Skirmisher
28:59 Bracer
30:34 Chemistry
29:56 Town Patrol
30:18 Elite Rattan Archer
33:25 Ring Archer Armor
33:06 Forging
32:56 Scale Mail Armor
33:18 Scale Barding Armor
33:53 Hoardings
33:54 Paper Money
36:14 Squires
36:47 Chatras
38:19 Two-Man Saw
37:38 Arrowslits
37:48 Murder Holes
39:55 Iron Casting
39:40 Chain Barding Armor
39:35 Chain Mail Armor
43:41 Bloodlines
43:32 Husbandry
43:31 Elite Battle Elephant
44:55 Plate Barding Armor
AIM | Agua cate 98
1:11 Loom
2:04 Loom
6:19 Loom
8:36 Feudal Age
10:22 Fletching
12:42 Double-Bit Axe
13:24 Horse Collar
15:15 Town Watch
16:55 Wheelbarrow
22:12 Castle Age
21:18 Stone Mining
21:20 Gold Mining
22:54 Bodkin Arrow
28:36 Imperial Age
26:53 Bow Saw
27:45 Heavy Plow
27:55 Guard Tower
28:27 Treadmill Crane
30:25 Chemistry
34:52 Hand Cart
34:41 Bracer
36:55 Keep
37:48 Stone Shaft Mining
39:44 Siege Engineers
AiM | Facu1414
10:34 Feudal Age
15:07 Castle Age
13:07 Double-Bit Axe
13:47 Horse Collar
14:26 Loom
18:56 Fletching
21:27 Wheelbarrow
21:12 Bow Saw
21:51 Heavy Plow
21:43 Gold Mining
23:02 Stone Mining
24:36 Hand Cart
24:06 Town Watch
25:20 Gold Shaft Mining
29:11 Imperial Age
27:04 Ballistics
26:54 Bodkin Arrow
26:59 Padded Archer Armor
27:10 Thumb Ring
27:32 Treadmill Crane
29:17 Leather Archer Armor
29:54 Bloodlines
29:45 Husbandry
30:58 Frontier Guards
31:22 Bracer
32:24 Chemistry
31:54 Heavy Camel Rider
32:39 Scale Barding Armor
32:45 Forging
32:14 Elite Skirmisher
33:43 Chain Barding Armor
33:44 Kshatriyas
34:08 Conscription
35:40 Iron Casting
35:56 Plate Barding Armor
34:44 Light Cavalry
35:18 Siege Elephant
40:01 Elite Elephant Archer
Backspace
10:55 Feudal Age
13:37 Castle Age
12:13 Double-Bit Axe
12:14 Horse Collar
14:59 Bow Saw
23:13 Wheelbarrow
24:06 Heavy Plow
24:23 Hand Cart
24:06 Gold Mining
25:04 Loom
25:05 Town Watch
28:07 Imperial Age
26:34 Gold Shaft Mining
26:11 Stone Mining
27:55 Forging
27:46 Scale Mail Armor
27:15 Pikeman
28:12 Tusk Swords
29:18 Ballistics
29:22 Conscription
28:55 Halberdier
29:51 Chain Mail Armor
30:13 Iron Casting
29:54 Siege Engineers
29:23 Heavy Scorpion
31:23 Chemistry
30:39 Double Crossbow
30:53 Capped Ram
31:59 Siege Ram
37:40 Blast Furnace
37:43 Hoardings
38:49 Scale Barding Armor
38:58 Bloodlines
38:49 Husbandry
38:53 Light Cavalry
40:03 Chain Barding Armor
41:23 Plate Barding Armor
40:09 Hussar
心之闻名
9:38 Feudal Age
15:25 Castle Age
13:22 Horse Collar
13:49 Loom
24:31 Gold Mining
24:54 Double-Bit Axe
26:43 Wheelbarrow
27:49 Town Watch
28:45 Hand Cart
30:55 Detinets
35:22 Imperial Age
33:53 Heavy Plow
34:05 Bow Saw
33:28 Man-at-Arms
34:49 Scale Mail Armor
34:59 Forging
35:23 Onager
36:25 Conscription
36:35 Fortified Wall
37:12 Iron Casting
36:53 Chain Mail Armor
36:05 Long Swordsman
36:45 Squires
37:24 Two-Handed Swordsman
39:32 Champion
39:33 Pikeman
42:15 Druzhina
43:31 Halberdier
Arietta Fine
11:00 Feudal Age
14:31 Castle Age
12:48 Horse Collar
13:29 Double-Bit Axe
15:36 Heavy Plow
17:05 Wheelbarrow
19:02 Bow Saw
23:12 Hand Cart
24:04 Gold Mining
24:11 Stone Mining
28:36 Imperial Age
26:50 Scale Mail Armor
27:01 Forging
28:02 Chain Mail Armor
27:09 Man-at-Arms
27:35 Gambesons
27:50 Squires
27:36 Arson
27:51 Long Swordsman
29:07 Iron Casting
27:59 Pikeman
29:36 Stone Shaft Mining
28:50 Treadmill Crane
29:31 Ballistics
29:01 Guard Tower
29:04 Fletching
28:38 Two-Handed Swordsman
29:50 Plate Mail Armor
29:16 Loom
29:20 Capped Ram
29:49 Champion
32:48 Blast Furnace
33:28 Chemistry
32:55 Siege Ram
33:45 Svan Towers
33:40 Bodkin Arrow
35:43 Bracer
35:44 Padded Archer Armor
36:12 Conscription
36:28 Hoardings
36:01 Aznauri Cavalry
36:34 Keep
35:45 Arrowslits
35:56 Murder Holes
36:12 Masonry
36:39 Parthian Tactics
35:39 Heavy Cavalry Archer
37:21 Bloodlines
37:13 Husbandry
39:38 Architecture
39:25 Leather Archer Armor
40:53 Halberdier
44:42 Light Cavalry
45:28 Scale Barding Armor
哭稀饭(2125613428)
10:39 Feudal Age
15:09 Castle Age
15:17 Castle Age
13:33 Double-Bit Axe
13:30 Horse Collar
20:04 Bow Saw
20:20 Loom
22:27 Wheelbarrow
22:31 Gold Mining
22:33 Stone Mining
23:47 Hand Cart
23:53 Hand Cart
28:46 Imperial Age
27:35 Gold Shaft Mining
26:57 Fletching
27:36 Bodkin Arrow
27:57 Heavy Plow
28:52 Yeomen
29:36 Bracer
30:02 Conscription
30:38 Ballistics
30:05 Elite Longbowman
30:53 Padded Archer Armor
33:11 Leather Archer Armor
34:34 Ring Archer Armor
34:47 Elite Skirmisher
Connection lost

Rejoining the realm…

Still unreachable

The connection could not be restored.

Session expired

The server has moved on; the page needs a fresh start.